 Dungeon Crawl Stone Soup version 0.27-a0-1140-g099f9bb0e8 (webtiles) character file.

Game seed: 4869352610641783209

14 harryhousin the Magician (level 2, 0/23 HPs)
             Began as a Gnoll Wanderer on May 8, 2021.
             Was an Initiate of Ashenzari.
             Slain by a jackal (1 damage)
             ... on level 1 of the Dungeon.
             The game lasted 00:06:47 (576 turns).

harryhousin the Magician (Gnoll Wanderer)            Turns: 576, Time: 00:06:47

Health: 0/23       AC:  2    Str:  8    XL:     2   Next: 41%
Magic:  8/10       EV: 12    Int: 12    God:    Ashenzari [......]
Gold:   12         SH:  0    Dex: 13    Spells: 14/15 levels left

rFire    . . .     SeeInvis .   a - +2 dagger
rCold    . . .     Faith    .   (no shield)
rNeg     . . .     Spirit   .   e - +0 robe
rPois    .         Reflect  .   (no helmet)
rElec    .         Harm     .   (no cloak)
rCorr    .         Rampage  .   (no gloves)
Will     .....                  (no boots)
Stlth    ++........             (no amulet)
HPRegen  0.07/turn              (no ring)
MPRegen  0.12/turn              (no ring)

@: no status effects
A: fangs 1, strong nose, distributed training
a: Renounce Religion, Curse Item


You were on level 1 of the Dungeon.
You worshipped Ashenzari.
Ashenzari was noncommittal.
You visited 1 branch of the dungeon, and saw 1 of its levels.

You collected 12 gold pieces.

Inventory:

Hand Weapons
 a - a +2 dagger (weapon)
 c - a +0 falchion
Missiles
 f - 17 stones
 j - 18 poisoned darts
Armour
 d - a +0 plate armour
 e - a +0 robe (worn)
Scrolls
 g - a scroll of holy word
Potions
 b - a potion of heal wounds
 h - a potion of invisibility
 i - 2 potions of haste


   Skills:
 + Level 2.5 Fighting
 + Level 0.4 Short Blades
 + Level 0.4 Long Blades
 + Level 0.4 Axes
 + Level 0.4 Maces & Flails
 + Level 0.4 Polearms
 + Level 0.4 Staves
 + Level 0.4 Slings
 + Level 0.4 Bows
 + Level 0.4 Crossbows
 + Level 2.5 Throwing
 + Level 0.4 Armour
 + Level 2.5 Dodging
 + Level 4.1 Stealth
 + Level 0.4 Shields
 + Level 0.4 Unarmed Combat
 + Level 7.1 Spellcasting
 + Level 0.2 Conjurations
 + Level 3.7 Hexes
 + Level 0.2 Summonings
 + Level 0.2 Necromancy
 + Level 0.2 Translocations
 + Level 0.2 Transmutations
 + Level 0.2 Fire Magic
 + Level 0.2 Ice Magic
 + Level 0.2 Air Magic
 + Level 0.2 Earth Magic
 + Level 0.2 Poison Magic
 + Level 0.5 Invocations
 + Level 0.4 Evocations


You had 14 spell levels left.
You knew the following spells:

 Your Spells              Type           Power      Damage    Failure   Level
a - Foxfire               Conj/Fire      16%        2x1d4     14%         1

Your spell library contained the following spells:

 Spells                   Type           Power      Damage    Failure   Level
 Conjure Flame            Conj/Fire      4%         6-21      41%         3


Dungeon Overview and Level Annotations

Branches:
Dungeon (1/15)

Altars:
Ashenzari


Innate Abilities, Weirdness & Mutations

You have very sharp teeth.
Your uncanny sense of smell can sniff out nearby items.
Your experience applies equally to all skills.


Message History

The jackal is moderately wounded.
The jackal bites you but does no damage.
The jackal bites you.
You hit the jackal.
The jackal is heavily wounded.
You barely miss the jackal. You bite the jackal, but do no damage.
The jackal is heavily wounded.
The jackal barely misses you. The jackal closely misses you.
The jackal bites you.
You hit the jackal but do no damage.
The jackal is moderately wounded.
The jackal misses you. The jackal bites you.
You hit the jackal.
The jackal is heavily wounded.
The jackal bites you. The jackal closely misses you. x2
You closely miss the jackal.
The jackal is heavily wounded.
The jackal barely misses you. The jackal bites you.
* * * LOW HITPOINT WARNING * * *
The jackal closely misses you.
You hit the jackal but do no damage.
The jackal is heavily wounded.
The jackal bites you.
* * * LOW HITPOINT WARNING * * *
The jackal bites you.
* * * LOW HITPOINT WARNING * * *
The jackal bites you.
* * * LOW HITPOINT WARNING * * *
Unknown command.
You closely miss the jackal.
The jackal is heavily wounded.
The jackal barely misses you. x2
The jackal bites you but does no damage.
You hit the jackal.
You kill the jackal!
The jackal closely misses you.
You hit the jackal. You bite the jackal, but do no damage.
The jackal is heavily wounded.
The jackal bites you.
You die...

..#...########...#.....
.####.### #.#.###.... ##
#...# ..#..# ... #.....
..###.# .. ..##.# ### .#
####### ##.# #.# .. .......
##..###.############.......
.................###.......
..#####.########@hh†.......
...## #..# ####........
##..####.# ##)......
##..###.## ....)..
##...#..####### .......
###..#.......# #######
##...^.....# ###.......#
#########


You could see 2 jackals.

Vanquished Creatures
  A ball python (D:1)
  2 endoplasms (D:1)
  4 goblins (D:1)
  2 jackals (D:1)
  A bat (D:1)
  A frilled lizard (D:1)
  A kobold (D:1)
12 creatures vanquished.

Vanquished Creatures (others)
  8 foxfires (D:1)
  A plant (D:1)
9 creatures vanquished.

Grand Total: 21 creatures vanquished

Notes
Turn   | Place    | Note
-------+----------+-------------------------------------------
     0 | D:1      | harryhousin the Gnoll Wanderer began the quest for the Orb.
     0 | D:1      | harryhousin set off with the following items: a +2 dagger,
                  | a potion of heal wounds, a +0 falchion, a +0 robe; and the
                  | following spell memorised: Foxfire; and the following
                  | spells available to memorise: Conjure Flame
     0 | D:1      | Reached XP level 1. HP: 17/17 MP: 8/8
    29 | D:1      | Found a faded altar of an unknown god.
    47 | D:1      | Became a worshipper of Ashenzari the Shackled
   445 | D:1      | Reached XP level 2. HP: 20/23 MP: 10/10
   573 | D:1      | HP: 1/23 [jackal (2)]
   576 | D:1      | Slain by a jackal

Illustrated notes

Levels and vault maps discovered:
D:1:      minmay_arrival_plants_in_alcoves, layout_rooms,
          ebering_ecumenical_altar_webs, minmay_misc_feat_doors,
          hex_intersection, hangedman_abyss_or_decor_stabs

Action                   || total
-------------------------++-------
Melee: Dagger            ||    41
       Bite              ||     4
 Cast: Foxfire           ||     9
 Stab: Sleeping          ||     2
Armor: Robe              ||     6
Dodge: Dodged            ||    33

Table legend: (Time is in decaauts)
 A = Elapsed time spent in this place.
 B = Non-inter-level travel time spent in this place.
 C = Inter-level travel time spent in this place.
 D = Time resting spent in this place.
 E = Time spent auto-exploring this place.
 F = Levels seen in this place.
 G = Mean time per level.
                   A        B        C        D        E       F      G
               +--------+--------+--------+--------+--------+-----+--------+
         Total |    575 |    575 |      0 |    291 |      0 |   1 |  575.0 |
       Dungeon |    575 |    575 |      0 |    291 |      0 |   1 |  575.0 |
               +--------+--------+--------+--------+--------+-----+--------+

Top non-repeatable levels by time:
     D:1: 575 daAuts
